 Dungeon Crawl Stone Soup version 0.27-a0-1325-g58a489ad9e (webtiles) character file.

Game seed: 6537412839142762470

7233 dickylongcocking the Covert (level 11, -5/92 HPs)
             Began as a Naga Arcane Marksman on June 25, 2021.
             Was an Elder of Hepliaklqana.
             Slain by Snorg (12 damage)
             ... on level 10 of the Dungeon.
             The game lasted 00:17:50 (12371 turns).

dickylongcocking the Covert (Naga Arcane Marksman) Turns: 12371, Time: 00:17:51

Health: -5/92      AC: 14    Str: 14    XL:     11   Next: 12%
Magic:  13/15      EV:  9    Int: 14    God:    Hepliaklqana [****..]
Gold:   91         SH:  0    Dex: 13    Spells: 1/12 levels left

rFire    + . .     SeeInvis +   a - +1 shortbow
rCold    + . .     Faith    .   (shield currently unavailable)
rNeg     . . .     Spirit   .   d - +0 robe
rPois    +         Reflect  .   e - +0 helmet
rElec    .         Harm     .   C - +0 cloak
rCorr    .         Rampage  .   q - +0 pair of gloves
Will     +....                  D - +1 barding {rF+}
Stlth    +++++.....             (no amulet)
HPRegen  0.25/turn              f - +4 ring of slaying
MPRegen  0.14/turn              i - ring of protection from cold

@: very slow
A: reduced essence, AC +3, large, see invisible, deformed body, poison
resistance, slowness 2, spit poison 1, naga tail 1
a: Spit Poison, Renounce Religion, Recall Ancestor, Ancestor Identity,
Transference, Idealise


You were on level 10 of the Dungeon.
You worshipped Hepliaklqana.
Hepliaklqana was greatly pleased with you.
You visited 2 branches of the dungeon, and saw 11 of its levels.
You also visited: Sewer.

You collected 601 gold pieces.
You spent 510 gold pieces at shops.

Inventory:

Hand Weapons
 a - a +1 shortbow (weapon)
 s - a +0 trident of venom
Missiles
 b - 7 atropa-tipped darts
 c - 134 arrows (quivered ammo)
 p - 2 throwing nets
Armour
 d - a +0 robe (worn)
 e - a +0 helmet (worn)
 q - a +0 pair of gloves (worn)
 C - a +0 cloak (worn)
 D - a +1 barding of fire resistance (worn)
Magical Staves
 n - a staff of poison
Jewellery
 f - a +4 ring of slaying (left hand)
 i - a ring of protection from cold (right hand)
 r - a ring of ice
Wands
 y - a wand of mindburst (14)
 B - a wand of polymorph (8)
 E - a wand of paralysis (6)
Scrolls
 h - a scroll of fear
 k - 2 scrolls of enchant weapon
 o - a scroll of fog
 u - a scroll of vulnerability
Potions
 g - a potion of ambrosia {unknown}
 j - a potion of might
 l - 4 potions of brilliance
 m - a potion of magic {unknown}
 t - a potion of attraction
 v - a potion of mutation
 w - a potion of invisibility {unknown}
 x - 3 potions of flight
 z - 4 potions of curing
 A - 2 potions of heal wounds {unknown}


   Skills:
 * Level 7.8 Fighting
 - Level 5.8 Bows
 * Level 3.3 Armour
 * Level 3.8 Dodging
 + Level 10.8 Stealth
 - Level 1.0 Spellcasting
 - Level 6.0 Hexes
 - Level 5.5 Translocations
 * Level 2.2 Poison Magic
 * Level 6.1 Invocations


You had one spell level left.
You knew the following spells:

 Your Spells              Type           Power      Damage    Failure   Level
a - Corona                Hex            18%        N/A       2%          1
b - Portal Projectile     Hex/Tloc       32%        N/A       8%          3
c - Inner Flame           Hex/Fire       9%         N/A       22%         3
d - Olgreb's Toxic Radia  Pois           7%         N/A       71%         4

Your spell library contained the following spells:

 Spells                   Type           Power      Damage    Failure   Level
 Apportation              Tloc           32%        N/A       2%          1
 Sting                    Tmut/Pois      12%        1d3       17%         1
 Slow                     Hex            17%        N/A       3%          2
 Tukima's Dance           Hex            17%        N/A       6%          3
 Lesser Beckoning         Tloc           8%         N/A       9%          3
 Cause Fear               Hex            8%         N/A       22%         4
 Poisonous Vapours        Pois/Air       6%         N/A       26%         2
 Ignite Poison            Fire/Tmut/Pois 2%         N/A       50%         3
 Mephitic Cloud           Conj/Pois/Air  2%         N/A       50%         3
 Leda's Liquefaction      Hex/Erth       4%         N/A       58%         4
 Invisibility             Hex            8%         N/A       97%         6
 Alistair's Intoxication  Tmut/Pois      2%         N/A       99%         5


Dungeon Overview and Level Annotations

Branches:
Dungeon (10/15)            Temple (1/1) D:4           Sewer (visited)
   Lair: D:8-11         Orc: D:9-12

Altars:
Ashenzari
Cheibriados
Dithmenos
Elyvilon
Fedhas
Gozag
Hepliaklqana
Kikubaaqudgha
Makhleb
Nemelex Xobeh
Okawaru
Qazlal
Ru
Sif Muna
Trog
Uskayaw
Vehumet
Wu Jian
Xom
Yredelemnul
Zin
The Shining One

Shops:
D:7 ([[   D:9 =[[(

Annotations:
D:3 1 runed translucent door, lunkers's ghost, amateur DjFE
D:10 1 runed translucent door, Snorg; mojowtm's ghost, journeyman TeAE


Innate Abilities, Weirdness & Mutations

Your life essence is reduced to manifest your ancestor. (-10% HP)
Your serpentine skin is tough. (AC +3)
You have supernaturally acute eyesight. (SInv)
Armour fits poorly on your strangely shaped body.
Your system is resistant to poisons. (rPois)
You cover ground very slowly.
You can spit poison.
You have a snake-like lower body.


Message History

Unknown command.
Unknown command.
Aiming: Corrosive Bolt
Press: ? - help, Shift-Dir - straight line, f/p - Snorg
Aim: Snorg (severely wounded, berserk, softly glowing, 81% to hit)
The bolt of acid hits Snorg!
Snorg is splashed with acid.
The acid corrodes Snorg!
Snorg is severely wounded.
The now-empty wand crumbles to dust.
Unknown command.
Unknown command.
Fire: 137 arrows
Press: ? - help, Q - select action, (/) - cycle Shift-Dir - straight line, f/p - Snorg
Aim: Snorg (severely wounded, berserk, covered in acid, softly glowing, 83% to hit)
You shoot an arrow. The arrow hits Snorg!
Snorg is almost dead.
Snorg misses you. Snorg claws you! x2; Snorg bites you! Snorg claws you.
Snorg closely misses you.
Your magical contamination has completely faded away.
Unknown command.
Unknown command.
Fire: 136 arrows
Press: ? - help, Q - select action, (/) - cycle Shift-Dir - straight line, f/p - Snorg
Aim: Snorg (almost dead, berserk, covered in acid, softly glowing, 83% to hit)
You shoot an arrow. The arrow barely misses Snorg.
Snorg bites you but does no damage. Snorg claws you. Snorg claws you!
Unknown command.
Fire: 135 arrows
Press: ? - help, Q - select action, (/) - cycle Shift-Dir - straight line, f/p - Snorg
Aim: Snorg (severely wounded, berserk, covered in acid, softly glowing, 83% to hit)
You shoot an arrow. The arrow hits Snorg.
Snorg is almost dead.
Snorg stops glowing.
Snorg barely misses you. Snorg claws you!
* * * LOW HITPOINT WARNING * * *
Snorg claws you!
* * * LOW HITPOINT WARNING * * *
Snorg bites you.
* * * LOW HITPOINT WARNING * * *
Snorg claws you but does no damage. Snorg claws you!
You die...

### ..# ## ..# ##. ..#
..( # ###
#######.##.####
..(...(.......#
################T#
.......>#.....##@#
.###.##.#.###.##.# .#
#.##.#.# #.##.#
.###.#..#.# #.##.#
.>......#.# #....#
........#(# ####.......#
........#(##############
........#([.)...<.....#
####.#.#########.####.#


You could see Snorg (berserk, corroded).

Vanquished Creatures
  Harold (D:7)
  A two-headed ogre (D:9)
  2 kobold demonologists (D:10)
  A troll (D:10)
  Prince Ribbit (D:8)
  A shadow (D:10)
  2 ogres (D:4)
  A centaur (D:10)
  4 kobold brigands
  A bullfrog (D:8)
  4 scorpions
  A wyvern zombie (D:7)
  A wight (D:8)
  4 killer bees
  An electric eel (D:7)
  A bullfrog skeleton (D:5)
  A centaur skeleton (D:4)
  A gnoll shaman (D:5)
  2 orc priests
  An iguana (D:5)
  5 orc wizards
  2 killer bee zombies
  A hound skeleton (D:4)
  6 gnolls
  4 adders
  An ufetubus (D:7)
  A worm (D:3)
  2 dart slugs (D:1)
  30 orcs
  5 ball pythons
  8 bats
  4 endoplasms
  9 giant cockroaches
  9 goblins
  7 hobgoblins
  12 jackals
  7 kobolds
  2 quokkas
  4 frilled lizards
  10 rats
  A spectral orc (D:3)
162 creatures vanquished.

Vanquished Creatures (collateral kills)
  Maggie (D:10)
  A wraith (D:10)
  6 yaks (D:9)
  A wyvern (D:9)
  A steam dragon (D:9)
  An acid dragon (D:8)
  2 water moccasins (D:8)
  An ice beast (D:5)
  A necrophage (D:4)
  An orc warrior (D:6)
  An ogre (D:5)
  A centaur (D:6)
  2 kobold brigands
  A wyvern zombie (D:9)
  A gnoll sergeant (D:8)
  A scorpion (D:7)
  3 wights (D:8)
  4 killer bees
  A howler monkey (D:10)
  An electric eel (D:7)
  2 hounds
  A bullfrog skeleton (D:6)
  2 orc priests
  A gnoll shaman (D:6)
  4 iguanas
  4 orc wizards
  2 howler monkey zombies
  2 adders
  4 gnolls
  A river rat (D:6)
  8 orcs
  A giant cockroach (D:6)
  A jackal (D:5)
  8 kobolds (Sewer)
  A ball python (Sewer)
  A frilled lizard (Sewer)
  3 rats
78 creatures vanquished.

Vanquished Creatures (others)
  An ancestor (D:5)
  9 battlemagi
  2 withered plants (D:3)
12 creatures vanquished.

Grand Total: 252 creatures vanquished

Notes
Turn   | Place    | Note
-------+----------+-------------------------------------------
     0 | D:1      | dickylongcocking the Naga Arcane Marksman began the quest
                  | for the Orb.
     0 | D:1      | Reached XP level 1. HP: 18/18 MP: 2/2
   189 | D:1      | Reached skill level 1 in Stealth
   226 | D:1      | Reached XP level 2. HP: 25/25 MP: 3/3
   618 | D:1      | Reached skill level 2 in Stealth
   632 | D:1      | Found a faded altar of an unknown god.
   652 | D:1      | Reached XP level 3. HP: 29/31 MP: 4/4
  1273 | D:2      | Learned a level 3 spell: Portal Projectile
  1728 | D:2      | HP: 2/46 [poisoned by an adder]
  1729 | D:2      | Reached XP level 4. HP: 3/38 MP: 5/5
  2155 | D:3      | Reached skill level 1 in Translocations
  2328 | D:3      | Found a shadowy altar of Dithmenos.
  2619 | D:3      | Reached skill level 3 in Stealth
  2677 | D:3      | Found a hazy altar of Hepliaklqana.
  2696 | D:3      | Became a worshipper of Hepliaklqana the Forgotten
  2853 | D:3      | Found a runed translucent door.
  2853 | D:3      | Noticed lunkers's ghost (amateur DjFE)
  2955 | D:3      | Found a bloodstained altar of Trog.
  3137 | D:4      | Noticed an ogre
  3145 | D:4      | Killed an ogre
  3146 | D:4      | Reached XP level 5. HP: 44/44 MP: 1/6
  3217 | D:4      | Reached skill level 4 in Stealth
  3217 | D:4      | Reached XP level 6. HP: 42/51 MP: 5/7
  3690 | D:4      | Reached * piety under Hepliaklqana
  3708 | D:4      | Noticed a necrophage
  3717 | D:4      | Killed a necrophage
  3767 | D:4      | Found a snail-covered altar of Cheibriados.
  3767 | D:4      | Found an ancient bone altar of Kikubaaqudgha.
  3773 | D:4      | Found a basalt altar of Yredelemnul.
  3775 | D:4      | Found a shimmering blue altar of Sif Muna.
  3777 | D:4      | Found a glowing golden altar of the Shining One.
  3806 | D:4      | Found a staircase to the Ecumenical Temple.
  3826 | D:4      | Reached XP level 7. HP: 51/51 MP: 8/8
  3831 | Temple   | Entered the Ecumenical Temple
  4595 | D:5      | Entered Level 5 of the Dungeon
  4641 | D:5      | Reached skill level 5 in Stealth
  4702 | D:5      | Reached skill level 5 in Bows
  4790 | D:5      | Found a sacrificial altar of Ru.
  5087 | D:5      | Reached skill level 6 in Stealth
  5087 | D:5      | Reached XP level 8. HP: 53/57 MP: 9/9
  5091 | D:5      | Reached skill level 5 in Translocations
  5214 | D:5      | Reached ** piety under Hepliaklqana
  5215 | D:5      | Remembered your ancestor Khabaw as a battlemage
  5604 | D:6      | Found a glowing drain.
  5627 | Sewer    | Entered a sewer
  5770 | Sewer    | Learned a level 3 spell: Inner Flame
  6010 | Sewer    | Reached skill level 7 in Stealth
  6614 | D:6      | Reached skill level 8 in Stealth
  6986 | D:6      | Reached XP level 9. HP: 71/71 MP: 10/10
  7256 | D:7      | Reached skill level 5 in Fighting
  7308 | D:7      | Found Zin's Purification Station.
  7308 | D:7      | Found a glowing silver altar of Zin.
  7311 | D:7      | Noticed Harold
  7660 | D:7      | Reached skill level 9 in Stealth
  7725 | D:7      | Bought a potion of curing for 90 gold pieces
  7737 | D:7      | Found an iron altar of Okawaru.
  7760 | D:7      | HP: 1/72 [Harold (18)]
  7766 | D:7      | Killed Harold
  8034 | D:7      | Found Heng's Antique Weapon Shop.
  8069 | D:7      | Found Zotyleco's Armour Boutique.
  8089 | D:7      | Found Yczar's Armour Emporium.
  8945 | D:8      | Reached *** piety under Hepliaklqana
  9093 | D:8      | Reached XP level 10. HP: 57/82 MP: 11/13
  9239 | D:8      | Reached skill level 5 in Hexes
  9517 | D:8      | Reached skill level 1 in Armour
  9517 | D:8      | Reached skill level 10 in Stealth
  9711 | D:8      | Found a white marble altar of Elyvilon.
  9809 | D:9      | Found Efyfem's Armour Shop.
  9809 | D:9      | Noticed Prince Ribbit
 10020 | D:8      | Killed Prince Ribbit
 10267 | D:9      | Found Cozem's Jewellery Emporium.
 10729 | D:9      | Noticed a two-headed ogre
 10735 | D:9      | Killed a two-headed ogre
 10736 | D:9      | Reached skill level 5 in Invocations
 11050 | D:9      | Found Qeczopp's Armour Boutique.
 11067 | D:9      | Found Ceettum's Weapon Shop.
 11214 | D:9      | Bought a +1 barding of fire resistance for 420 gold pieces
 11407 | D:10     | Entered Level 10 of the Dungeon
 11465 | D:10     | Reached **** piety under Hepliaklqana
 11566 | D:10     | Noticed Maggie
 11573 | D:10     | Killed Maggie
 11624 | D:10     | Found a stormy altar of Qazlal.
 11775 | D:10     | Learned a level 4 spell: Olgreb's Toxic Radiance
 11810 | D:10     | Found a runed translucent door.
 11810 | D:10     | Noticed mojowtm's ghost (journeyman TeAE)
 11872 | D:10     | Reached skill level 1 in Poison Magic
 11872 | D:10     | Reached XP level 11. HP: 50/90 MP: 15/15
 12118 | D:10     | Noticed a sixfirhy
 12360 | D:10     | Noticed Snorg
 12371 | D:10     | Slain by Snorg

Illustrated notes

Levels and vault maps discovered:
D:1:      sevenhm_arrival_forest_fort_small_5, layout_loops_ring,
          shapermc_ecumenical_altar_totnotflames
D:2:      layout_basic, serial_glass, glass_columns_b, glass_columns_c
D:3:      layout_basic, trog_antimagical, lemuel_crystal_altar,
          nicolae_hepliaklqana_monster_ancestors, gammafunk_ghost_grave,
          serial_park_tiny_1
D:4:      layout_layer_cave, chequers_temple_overflow_minitemple, temple_statues
D:5:      layout_basic, nicolae_ru_great_annihilating_truth
D:6:      layout_loops_ring, portal_sewer_entry_c, grunt_ministairs_15,
          minmay_crystal_room
D:7:      layout_basic, okawaru_ov_weapons_minmay, zin_purify, serial_shops,
          nicolae_stop_n_shop_1, shop, shop, water_boxes_lemuel, uniq_harold
D:8:      layout_basic, marbit_many_paths
D:9:      layout_roguey, serial_shops, nicolae_shop_statue_plus,
          kennysheep_mini, nicolae_shop_trees, shop, uniq_prince_ribbit1
D:10:     layout_basic, lemuel_coloured_pillars_altar, gammafunk_ghost_grave,
          uniq_maggie, uniq_snorg
Temple:   nicolae_temple_figure_zero

Skill      XL: |  1  2  3  4  5  6  7  8  9 10 11 |
---------------+----------------------------------+-----
Bows           | 2 3 4 5 |  5.8
Stealth        | 1 2 3 4 6 8 9 10 | 10.8
Translocations | 2 3 4 5 |  5.5
Fighting       | 4 6 7 |  7.8
Hexes          | 4 6 |  6.0
Invocations    | 4 5 6 |  6.1
Armour         | 3 |  3.3
Dodging        | 3 |  3.8
Poison Magic   | 1 2 |  2.2
Spellcasting   | |  1.0

Action                   |  1- 3 |  4- 6 |  7- 9 | 10-12 || total
-------------------------+-------+-------+-------+-------++-------
Melee: Unarmed           |     2 |       |       |       ||     2
       Staff             |       |       |    27 |       ||    27
       Trident           |       |       |       |     2 ||     2
 Fire: Shortbow          |   100 |   135 |   266 |   100 ||   601
Throw: Boomerang         |       |       |     3 |       ||     3
       Dart              |       |       |     1 |     1 ||     2
 Cast: Corona            |     5 |     2 |     2 |     5 ||    14
       Portal Projectile |       |     1 |     8 |     2 ||    11
       Inner Flame       |       |       |     3 |     9 ||    12
Invok: Ancestor Life: Ba |       |       |     1 |       ||     1
       Recall Ancestor   |       |       |     1 |       ||     1
 Abil: Spit Poison       |     2 |     5 |     8 |     1 ||    16
Evoke: Wand              |       |       |       |     9 ||     9
  Use: Potion            |     1 |       |     5 |       ||     6
       Scroll            |       |       |    13 |     6 ||    19
 Stab: Sleeping          |       |       |     4 |       ||     4
Armor: Robe              |    12 |    13 |    19 |    28 ||    72
       Skin              |     3 |       |       |       ||     3
Dodge: Dodged            |    37 |    35 |    50 |    30 ||   152

Table legend: (Time is in decaauts)
 A = Elapsed time spent in this place.
 B = Non-inter-level travel time spent in this place.
 C = Inter-level travel time spent in this place.
 D = Time resting spent in this place.
 E = Time spent auto-exploring this place.
 F = Levels seen in this place.
 G = Mean time per level.
                   A        B        C        D        E       F      G
               +--------+--------+--------+--------+--------+-----+--------+
         Total |  15162 |  14759 |    403 |   1789 |  11217 |  12 | 1263.5 |
       Dungeon |  14321 |  13930 |    391 |   1789 |  10539 |  10 | 1432.1 |
        Temple |    168 |    156 |     12 |      0 |    154 |   1 |  168.0 |
         Sewer |    672 |    672 |      0 |      0 |    523 |   1 |  672.0 |
               +--------+--------+--------+--------+--------+-----+--------+

Top non-repeatable levels by time:
     D:7: 1882 daAuts
     D:4: 1792 daAuts
     D:9: 1566 daAuts
     D:8: 1532 daAuts
     D:1: 1425 daAuts
     D:6: 1397 daAuts
     D:2: 1318 daAuts
     D:5: 1240 daAuts
    D:10: 1112 daAuts
     D:3: 1053 daAuts
   Sewer: 672 daAuts
  Temple: 168 daAuts
